 Dungeon Crawl Stone Soup version 0.20.1-1-g8b1a95d (console) character file.

1133 hilaritas the Frost Mage (level 8, -7/61 HPs)
             Began as a Deep Elf Ice Elementalist on Sept 1, 2017.
             Killed from afar by Blork the orc (9 damage)
             ... with a puff of frost
             ... on level 5 of the Dungeon.
             The game lasted 00:16:34 (5641 turns).

hilaritas the Frost Mage (DEIE)                     Turns: 5641, Time: 00:16:34

Health: -7/61      AC:  5    Str: 11    XL:     8   Next: 14%
Magic:  1/19       EV: 13    Int: 22    God:
Gold:   303        SH:  0    Dex: 15    Spells: 5/19 levels left

rFire    + . .     SeeInvis .   v - +0 dagger
rCold    . . .     Gourm    .   (no shield)
rNeg     + . .     Faith    .   A - +2 robe {rF+}
rPois    .         Spirit   .   k - +0 helmet
rElec    .         Reflect  .   (no cloak)
rCorr    .         Harm     .   (no gloves)
MR       .....                  (no boots)
Stlth    ..........             (no amulet)
Regen    0.2/turn               e - ring of positive energy
MPRegen  0.2/turn               p - ring of stealth

@: berserking, very quick
A: no striking features
a: no special abilities


You were on level 5 of the Dungeon.
You were very hungry.

You visited 1 branch of the dungeon, and saw 5 of its levels.

You collected 303 gold pieces.

Inventory:

Hand Weapons
 v - a +0 dagger (weapon)
Missiles
 f - 203 stones (quivered)
Armour
 k - a +0 helmet (worn)
 A - a +2 robe of fire resistance (worn)
Jewellery
 e - a ring of positive energy (left hand)
 p - a ring of stealth (right hand)
Wands
 y - a wand of acid (15/15)
Scrolls
 h - 2 scrolls of fog
 j - 3 scrolls of teleportation
 n - 4 scrolls of identify
 o - 2 scrolls of amnesia
 u - a scroll of remove curse
Potions
 a - a potion of cancellation {unknown}
 g - 2 potions of might {unknown}
 i - 2 potions of brilliance
 l - 2 potions of berserk rage
 m - a potion of lignification {unknown}
 s - a potion of flight {unknown}
 t - 2 potions of haste {unknown}
 w - a potion of curing
 x - a potion of mutation {unknown}
Books
 b - a book of Frost

   Spells                             Type                      Level
   a - Freeze                         Ice                          1
   b - Throw Frost                    Conjuration/Ice              2
   c - Ozocubu's Armour               Charms/Ice                   3
   d - Throw Icicle                   Conjuration/Ice              4
   e - Summon Ice Beast               Ice/Summoning                4
 r - a book of Misfortune

   Spells                             Type                      Level
   a - Confusing Touch                Hexes                        1
   b - Confuse                        Hexes                        3
   c - Gell's Gravitas                Translocation                3
   d - Petrify                        Transmutation/Earth          4
   e - Metabolic Englaciation         Hexes/Ice                    5
   f - Yara's Violent Unravelling     Hexes/Transmutation          5
Comestibles
 c - 5 bread rations
 d - 2 meat rations
 q - a royal jelly
 z - 4 fruits


   Skills:
 - Level 2.4 Dodging
 - Level 2.4 Stealth
 - Level 6.2 Spellcasting
 * Level 5.5 Conjurations
 + Level 8.4 Ice Magic


You had 5 spell levels left.
You knew the following spells:

 Your Spells              Type           Power        Failure   Level  Hunger
a - Freeze                Ice            ####         1%          1    None
b - Throw Frost           Conj/Ice       #####.       1%          2    None
c - Ozocubu's Armour      Chrm/Ice       ####....     4%          3    #......
d - Throw Icicle          Conj/Ice       #####...     4%          4    ###....
e - Summon Ice Beast      Ice/Summ       ####....     16%         4    ###....


Dungeon Overview and Level Annotations

Branches:
Dungeon (5/15)
 Temple: D:4-7

Altars:
Cheibriados
Dithmenos
Gozag
Nemelex Xobeh
Okawaru
Qazlal
Uskayaw
Yredelemnul
Zin

Annotations:
D:5 Blork the orc


Message History

The crimson imp is heavily wounded.
Something hits you.
* * * LOW HITPOINT WARNING * * *
The crimson imp hits you but does no damage.
You hit the crimson imp.
The crimson imp is severely wounded.
Something hits you!
* * * LOW HITPOINT WARNING * * *
The crimson imp blinks!
You hear some strange, mumbled words.
A magic dart appears from out of thin air!
The magic dart hits you!
* * * LOW HITPOINT WARNING * * *
Things that are here:
a dagger; a robe You hit something.
You hear some strange, mumbled words.
A puff of frost appears from out of thin air!
The puff of frost hits you!
You die...

..##.... ###.......#
##.##...>..#
##...#.....## #♣♣♣
##...........#
##.P.♣
#............##
##...PP.
..............#
#.....
..........##...##..#
...........###.{@.#
............##5)###
.............##..#
.<............#..#
.................#
................##
.................##
..................##
..............§....#


You could see a crimson imp.

Vanquished Creatures
  The ghost of hilaritas the Magician, an amateur DEIE of Vehumet (D:4)
  Edmund (D:5)
  Menkaure (D:4)
  2 ogres (D:4)
  A howler monkey (D:4)
  2 orc priests
  3 orc wizards
  A centaur skeleton (D:4)
  An iguana (D:4)
  Terence (D:2)
  A worker ant (D:4)
  Natasha (thrice) (D:4)
  Robin (D:2)
  7 gnolls
  4 adders
  2 adder skeletons
  A worm (D:3)
  A dart slug (D:1)
  2 leopard geckos
  10 orcs
  4 giant cockroaches
  8 goblins (D:2)
  11 hobgoblins
  2 jackals (D:4)
  4 quokkas
  9 bats
  5 frilled lizards
  2 kobolds
  A quokka skeleton (D:4)
  6 rats
98 creatures vanquished.

Notes
Turn   | Place    | Note
-------+----------+-------------------------------------------
     0 | D:1      | hilaritas the Deep Elf Ice Elementalist began the quest for the Orb.
     0 | D:1      | Reached XP level 1. HP: 10/10 MP: 6/6
   260 | D:1      | Reached XP level 2. HP: 15/15 MP: 4/8
   310 | D:1      | Reached skill level 4 in Ice Magic
   827 | D:2      | Learned a level 2 spell: Throw Frost
   954 | D:2      | Noticed Terence
  1021 | D:2      | Killed Terence
  1021 | D:2      | Reached XP level 3. HP: 19/19 MP: 5/9
  1068 | D:2      | Learned a level 3 spell: Ozocubu's Armour
  1293 | D:2      | Noticed Robin
  1322 | D:2      | Killed Robin
  1322 | D:2      | Reached skill level 5 in Ice Magic
  1357 | D:2      | Reached XP level 4. HP: 22/24 MP: 0/10
  1549 | D:2      | Found a glowing silver altar of Zin.
  1553 | D:2      | Found a snail-covered altar of Cheibriados.
  1553 | D:2      | Found a stormy altar of Qazlal.
  1562 | D:2      | Found an opulent altar of Gozag.
  1565 | D:2      | Found a hide-covered altar of Uskayaw.
  2049 | D:2      | Learned a level 4 spell: Throw Icicle
  2250 | D:3      | Found a sparkling altar of Nemelex Xobeh.
  2365 | D:3      | Found a basalt altar of Yredelemnul.
  2776 | D:3      | Reached XP level 5. HP: 28/28 MP: 0/14
  2928 | D:3      | Reached skill level 5 in Spellcasting
  3327 | D:3      | Learned a level 4 spell: Summon Ice Beast
  3684 | D:3      | Found a shadowy altar of Dithmenos.
  3714 | D:4      | Found an iron altar of Okawaru.
  3724 | D:4      | Noticed an ogre
  3730 | D:4      | Killed an ogre
  3730 | D:4      | Reached XP level 6. HP: 32/32 MP: 6/17
  3855 | D:4      | Noticed hilaritas's ghost (amateur DEIE)
  3865 | D:4      | Killed hilaritas's ghost
  3865 | D:4      | Reached skill level 6 in Ice Magic
  3866 | D:4      | Noticed Menkaure
  3908 | D:4      | Killed Menkaure
  3908 | D:4      | Reached XP level 7. HP: 23/36 MP: 0/18
  4099 | D:4      | Reached skill level 7 in Ice Magic
  4321 | D:4      | Noticed Natasha
  4324 | D:4      | Killed Natasha
  4571 | D:4      | Noticed Natasha
  4574 | D:4      | Killed Natasha
  5083 | D:4      | Noticed Natasha
  5086 | D:4      | Killed Natasha
  5086 | D:4      | Reached skill level 5 in Conjurations
  5478 | D:4      | Reached skill level 8 in Ice Magic
  5525 | D:4      | !! rock vault DL4
  5539 | D:5      | Entered Level 5 of the Dungeon
  5590 | D:5      | Noticed Edmund
  5602 | D:5      | Killed Edmund
  5602 | D:5      | Reached XP level 8. HP: 27/41 MP: 0/19
  5609 | D:5      | Noticed Blork the orc
  5639 | D:5      | HP: 3/61 [something (7)]
  5641 | D:5      | Killed from afar by Blork the orc

Skill      XL: |  1  2  3  4  5  6  7 |
---------------+----------------------+-----
Ice Magic      | 4 5 6 8 |  8.4
Conjurations   | 2 4 5 |  5.5
Spellcasting   | 4 6 |  6.2
Dodging        | |  2.4
Stealth        | |  2.4

Action                   |  1- 3 |  4- 6 |  7- 9 || total
-------------------------+-------+-------+-------++-------
Melee: Unarmed           |     1 |       |       ||     1
       Dagger            |     4 |    27 |    44 ||    75
 Cast: Freeze            |    45 |    64 |    32 ||   141
       Ozocubu's Armour  |     1 |     5 |     4 ||    10
       Throw Frost       |       |    18 |    28 ||    46
       Throw Icicle      |       |     3 |    11 ||    14
  Use: Scroll            |       |     8 |       ||     8
       Potion            |       |     1 |     3 ||     4
  Eat: Chunk             |     1 |     9 |     5 ||    15
Armor: Robe              |    10 |    19 |    35 ||    64
Dodge: Dodged            |    26 |    38 |    47 ||   111
